 Dungeon Crawl Stone Soup version 0.19.1-28-ge1247f7 (webtiles) character file.

231 dngmouse the Cudgeler (level 5, 0/46 HPs)
             Began as a Minotaur Fighter on Jan 21, 2017.
             Succumbed to a kobold's poison
             ... on level 2 of the Dungeon.
             The game lasted 00:05:02 (1498 turns).

dngmouse the Cudgeler (Minotaur Fighter)            Turns: 1498, Time: 00:05:03

Health: 0/46       AC: 12    Str: 26    XL:     5   Next: 73%
Magic:  4/4        EV:  6    Int:  5    God:
Gold:   67         SH: 10    Dex: 12    Spells: 0 memorised, 4 levels left

rFire  . . .     SeeInvis .     a - +0 flail
rCold  . . .     Gourm    .     v - +0 chain mail
rNeg   . . .     Faith    .     c - +0 shield
rPois  .         Spirit   .     (helmet restricted)
rElec  .         Reflect  .     (no cloak)
rCorr  .         Harm     .     i - +2 pair of gloves
MR     .....     Clarity  +     (no boots)
Stlth  ..........               (no amulet)
                                (no ring)
                                b - ring of stealth

@: mighty, lethally poisoned (0 -> -6)
A: retaliatory headbutt, horns 2, agile 1, clarity, sturdy frame 1
a: no special abilities


You were on level 2 of the Dungeon.
You were not hungry.

You visited 1 branch of the dungeon, and saw 3 of its levels.

You collected 67 gold pieces.

Inventory:

Hand Weapons
 a - a +0 flail (weapon)
Armour
 c - a +0 shield (worn)
 i - a +2 pair of gloves (worn)
 v - a +0 chain mail (worn)
Jewellery
 b - a ring of stealth (left hand)
Scrolls
 e - 3 scrolls of teleportation {unknown}
 j - 2 scrolls of remove curse {unknown}
 q - 2 scrolls of enchant weapon {unknown}
 r - a scroll of recharging {unknown}
 s - 2 scrolls of identify {unknown}
 t - 3 scrolls of fear {unknown}
 u - a scroll of fog {unknown}
Potions
 k - a potion of mutation
 w - a potion of brilliance {unknown}
 x - a potion of flight {unknown}
 z - a potion of ambrosia {unknown}
Comestibles
 f - 2 bread rations
 g - 2 slices of pizza
 h - 7 chunks of flesh
 m - 4 meat rations


   Skills:
 - Level 4.1 Fighting
 * Level 7.1 Maces & Flails
 - Level 3.6 Armour
 - Level 3.6 Shields


You had 4 spell levels left.
You didn't know any spells.

Dungeon Overview and Level Annotations

Branches:
Dungeon (3/15)

Altars:


Innate Abilities, Weirdness & Mutations

You reflexively headbutt those who attack you in melee.
You have a pair of horns on your head.
You are agile. (Dex +2)
You possess an exceptional clarity of mind.
Your movements are slightly less encumbered by armour. (ER -2)


Message History

The orc wizard shouts!
You see here a tomahawk.
* * * LOW HITPOINT WARNING * * *
You feel sick.
You see here a tomahawk.
* * * LOW HITPOINT WARNING * * *
You feel sick.
The orc wizard mumbles some strange words.
The orc wizard seems to speed up.
* * * LOW HITPOINT WARNING * * *
You feel sick.
There is a stone staircase leading up here.
* * * LOW HITPOINT WARNING * * *
You feel sick. The gnoll barely misses you.
You climb upwards.
* * * LOW HITPOINT WARNING * * *
You feel sick.
There is a stone staircase leading down here.
You feel very mighty all of a sudden.
You die...

#.......(....####.###.#
#########..##......(..........#
#..........##........###..#####
#.#######..###........##..# #.#
####.......##.#..##..##### #.#
#..........##.#..##......# #.#
#.##..###<.##.#..###.###.# #.#
#.##..........#..###.# #.### #.#
#.#)#.###..@)......#.# #...#
#.####..###.##...###..#.#.#####.#
#......## ##...#^.......#.#.###.#
######..###.##...####.#.#....##.#
#.#.#..##..### #.#.#.....#.#
#............# #...#.###....
######.###.#.# ##....# #.... #.#
#.#.# #..#.###..[. #.# #.#.#
#..#.....#.#


There were no monsters in sight!

Vanquished Creatures
  The ghost of Vajrapani the Insei, an amateur DsBe of Trog (D:3)
  2 gnolls (D:3)
  2 adders (D:2)
  An ooze (D:1)
  2 worms (D:2)
  A dart slug (D:1)
  5 leopard geckos
  4 orcs (D:3)
  A ball python (D:2)
  6 bats
  A giant cockroach (D:2)
  4 goblins
  4 hobgoblins
  4 kobolds
  5 frilled lizards
  4 rats
47 creatures vanquished.

Notes
Turn   | Place    | Note
-------+----------+-------------------------------------------
     0 | D:1      | dngmouse the Minotaur Fighter began the quest for the Orb.
     0 | D:1      | Reached XP level 1. HP: 19/19 MP: 0/0
   112 | D:1      | Reached skill level 3 in Maces & Flails
   112 | D:1      | Reached XP level 2. HP: 19/27 MP: 1/1
   699 | D:1      | Reached XP level 3. HP: 28/33 MP: 2/2
   787 | D:2      | Reached skill level 4 in Maces & Flails
  1300 | D:2      | Reached XP level 4. HP: 40/40 MP: 3/3
  1323 | D:2      | Reached skill level 5 in Maces & Flails
  1402 | D:3      | Noticed Vajrapani's ghost (amateur DsBe)
  1404 | D:3      | Gained mutation: You possess an exceptional clarity of mind. [potion of mutation]
  1404 | D:3      | Gained mutation: Your movements are slightly less encumbered by armour. (ER -2) [potion of mutation]
  1404 | D:3      | Gained mutation: You are agile. (Dex +2) [potion of mutation]
  1419 | D:3      | Killed Vajrapani's ghost
  1419 | D:3      | Reached skill level 6 in Maces & Flails
  1419 | D:3      | Reached XP level 5. HP: 46/46 MP: 4/4
  1472 | D:3      | Reached skill level 7 in Maces & Flails
  1496 | D:3      | HP: 2/46 [poisoned by a kobold]
  1498 | D:2      | Succumbed to a kobold's poison

Skill      XL: |  1  2  3  4  5 |
---------------+----------------+-----
Maces & Flails | 3 4 6 7 |  7.1
Fighting       | 4 |  4.1
Armour         | |  3.6
Shields        | |  3.6

Action                   |  1- 3 |  4- 6 || total
-------------------------+-------+-------++-------
Melee: Flail             |    79 |    38 ||   117
       Headbutt          |     9 |     3 ||    12
  Use: Potion            |       |     7 ||     7
  Eat: Chunk             |     1 |     1 ||     2
Armor: Scale mail        |    30 |       ||    30
       Chain mail        |     1 |    20 ||    21
       Skin              |       |     5 ||     5
Dodge: Dodged            |    18 |    13 ||    31
Block: Shield            |    35 |    32 ||    67
